 Dungeon Crawl Stone Soup version 0.31-a0-175-g9f7f995f2b (webtiles) character file.

Game seed: 12353242399102333105

97 qw the Chopper (level 4, -2/28 HPs)
             Began as a Gargoyle Fighter on June 17, 2023.
             Slain by Sigmund
             ... wielding a +0 scythe of freezing
              (9 damage)
             ... on level 2 of the Dungeon.
             The game lasted 00:01:18 (1509 turns).

qw the Chopper (Gargoyle Fighter)                   Turns: 1509, Time: 00:01:19

Health: -2/28      AC: 10    Str: 21    XL:     4   Next: 68%
Magic:  4/4        EV:  9    Int:  9    God:
Gold:   37         SH:  4    Dex:  9    Spells: 3/3 levels left

rFire   . . .        Y - +0 war axe
rCold   . . .        c - +0 buckler
rNeg    + . .        b - +0 scale mail
rPois   inf          (no helmet)
rElec   +            (no cloak)
rCorr   .            (no gloves)
SInv    .            (no boots)
Will    .....        (no amulet) Stlth
                     (no ring)
HPRegen 0.24/turn    (no ring)
MPRegen 0.09/turn

%: no passive effects
@: no status effects
A: sickness immunity, AC +3, negative energy resistance 1, electricity
resistance, torment resistance 1, petrification resistance
a: no special abilities


You were on level 2 of the Dungeon.
You visited 1 branch of the dungeon, and saw 2 of its levels.

You collected 37 gold pieces.


Innate Abilities, Weirdness & Mutations

You are immune to sickness and miasma.
Your stone body is resilient. (AC +3)
You are immune to poison.
You resist negative energy. (rN+)
You are resistant to electric shocks. (rElec)
You are resistant to unholy torment.
You are immune to petrification.


   Skills:
 - Level 3.2 Fighting
 + Level 4.3 Axes
 - Level 3.2 Armour
 - Level 3.2 Shields


You had 3 spell levels left.
You didn't know any spells.
Your spell library was empty.

Inventory:

Hand Weapons
 e - a +0 whip
 Y - a +0 war axe (weapon)
Missiles
 i - 6 boomerangs (quivered)
Armour
 b - a +0 scale mail (worn)
 c - a +0 buckler (worn)
Scrolls
 a - a scroll of teleportation
 j - a scroll of identify {unknown}
 k - a scroll of amnesia {unknown}
Potions
 d - 3 potions of might
 f - a potion of ambrosia {unknown}
 g - a potion of haste
 h - a potion of curing {unknown}

Dungeon Overview and Level Annotations

Branches:
Dungeon (2/15)

Altars:
Uskayaw

Annotations:
D:2 exclusion: 9 rats, Sigmund


Message History

Enter note:
Enter note:
Enter note:
Enter note:
Enter note:
Enter note:
Enter note:
Enter note:
Enter note:
Enter note:
Enter note:
Enter note:
Enter note:
Enter note:
Enter note: You throw a boomerang.
The boomerang hits the frilled lizard.
You kill the frilled lizard!
Something hits you. Something freezes you.
You swing at nothing.
You hear some strange, mumbled words.
A puff of flame appears from out of thin air!
The puff of flame hits you.
You swing at nothing.
You block something's attack.
You swing at nothing.
You block something's attack.
You swing at nothing.
A magic dart appears from out of thin air!
The magic dart hits you but does no damage.
You swing at nothing.
Something hits you. Something freezes you.
You swing at nothing.
Something hits you. Something freezes you.
You swing at nothing.
Something hits you but does no damage.
You swing at nothing.
Something hits you! Something freezes you.
You swing at nothing.
Something hits you!
You die...

#.##~~~~~##.#####.##
#.##~~~~~# #..######
#.###~~~~# #.#......
# #.# #~~~~##
#..###### # #.#
#~~~~~#.#####.## #
#.# #~~~~r#.....!.#
###### #.#
##~~~~#.##.#!##
......
#.####~~~~#.## #.#
##.## #.....~~~~..#
#@# #.##
#<##..~~~~.......#
#.##
#.##.~~~~~####..{.
#.## #.##.~~~~~#
###%## ########.##
#.##.~~~~## #..
...........
#.##~~~~~# #.#
########.##
#...~~~~~# #.# #.#
###~~~~~## #.# #.#
##~~~~~# #.#


There were no monsters in sight!

Vanquished Creatures
  4 gnolls (D:2)
  An adder (D:2)
  A dart slug (D:1)
  3 ball pythons
  3 endoplasms (D:1)
  A giant cockroach (D:2)
  5 goblins
  5 hobgoblins
  5 jackals (D:1)
  4 kobolds
  A quokka (D:1)
  5 bats
  2 frilled lizards (D:2)
  6 rats
46 creatures vanquished.

Notes
Turn   | Place    | Note
-------+----------+-------------------------------------------
     0 | D:1      | qw the Gargoyle Fighter began the quest for the Orb.
     0 | D:1      | Reached XP level 1. HP: 14/14 MP: 1/1
     0 | D:1      | 0 ||| qw: Version: 0.3-a-2-g5ab2908
     0 | D:1      | 0 ||| qw: Game counter: 157
     0 | D:1      | 0 ||| qw: Always use a shield: true
     0 | D:1      | 0 ||| qw: God list: Okawaru
     0 | D:1      | 0 ||| qw: Allow faded altars: false
     0 | D:1      | 0 ||| qw: Do Orc after D:15 true
     0 | D:1      | 0 ||| qw: Do second Lair branch before Depths: true
     0 | D:1      | 0 ||| qw: Lair rune preference: random
     0 | D:1      | 0 ||| qw: Plans: Normal, Zot:1-4, Slime:5, God:TSO, Crypt,
                  | Tomb, Abyss, Pan, Hells, Win
     0 | D:1      | 0 ||| PLANNING D:1-11
    58 | D:1      | Reached skill level 2 in Axes
   132 | D:1      | Reached XP level 2. HP: 19/19 MP: 2/2
   282 | D:1      | Reached skill level 3 in Axes
   406 | D:1      | You fall into a shaft and drop 1 floor!
   407 | D:2      | 407 ||| READING scroll labelled TUEPPAPLOX.
   408 | D:2      | 408 ||| READING scroll labelled XUTIOGG DAUN.
   411 | D:2      | 411 ||| DRINKING 2 coppery potions.
   412 | D:2      | 412 ||| Stepping randomly (stuck).
   413 | D:2      | 413 ||| Stepping randomly (stuck).
   414 | D:2      | 414 ||| Stepping randomly (stuck).
   415 | D:2      | 415 ||| Stepping randomly (stuck).
   416 | D:2      | 416 ||| Stepping randomly (stuck).
   417 | D:2      | 417 ||| Stepping randomly (stuck).
   418 | D:2      | 418 ||| Stepping randomly (stuck).
   419 | D:2      | 419 ||| Stepping randomly (stuck).
   430 | D:2      | Reached XP level 3. HP: 19/23 MP: 3/3
   453 | D:2      | 453 ||| Stepping randomly (stuck).
   454 | D:2      | 454 ||| Stepping randomly (stuck).
   455 | D:2      | 455 ||| Stepping randomly (stuck).
   456 | D:2      | 456 ||| Stepping randomly (stuck).
   457 | D:2      | 457 ||| Stepping randomly (stuck).
   458 | D:2      | 458 ||| Stepping randomly (stuck).
   459 | D:2      | 459 ||| Stepping randomly (stuck).
   460 | D:2      | 460 ||| Stepping randomly (stuck).
   461 | D:2      | 461 ||| Stepping randomly (stuck).
   462 | D:2      | 462 ||| Stepping randomly (stuck).
   463 | D:2      | 463 ||| Stepping randomly (stuck).
   464 | D:2      | 464 ||| Stepping randomly (stuck).
   465 | D:2      | 465 ||| Stepping randomly (stuck).
   466 | D:2      | 466 ||| Stepping randomly (stuck).
   467 | D:2      | 467 ||| Stepping randomly (stuck).
   986 | D:2      | 986 ||| Stepping ~*~*~tactically~*~*~ (stealth).
   987 | D:2      | 987 ||| Stepping ~*~*~tactically~*~*~ (stealth).
  1166 | D:2      | Found a hide-covered altar of Uskayaw.
  1278 | D:2      | Reached XP level 4. HP: 10/28 MP: 4/4
  1362 | D:2      | Reached skill level 4 in Axes
  1458 | D:2      | 1458 ||| FLEEEEING.
  1459 | D:2      | 1459 ||| FLEEEEING.
  1496 | D:2      | Noticed Sigmund
  1508 | D:2      | HP: 7/28 [something (8)]
  1509 | D:2      | Slain by Sigmund

Levels and vault maps discovered:
D:1:      minmay_arrival_up_and_down, layout_loops_ring
D:2:      wander_river, layout_loops_ring, basic_altar, uniq_sigmund

Skill      XL: |  1  2  3  4 |
---------------+-------------+-----
Axes           | 2 3 4 |  4.3
Fighting       | |  3.2
Armour         | |  3.2
Shields        | |  3.2

Action                     |  1- 3 |  4- 6 || total
---------------------------+-------+-------++-------
  Melee: War axe           |    93 |    28 ||   121
  Throw: Boomerang         |     1 |     3 ||     4
    Use: Scroll            |     2 |       ||     2
         Potion            |     1 |       ||     1
 Armour: Scale mail        |    38 |    15 ||    53
  Dodge: Dodged            |    41 |    12 ||    53
  Block: Buckler           |    18 |     6 ||    24

Table legend:
 A = Non-vault XP
 B = Vault XP
 C = Vault XP percentage of total XP
 D = Non-vault monster count
 E = Vault monster count
 F = Vault count percentage of total count
                 A         B        C        D         E       F
            +---------+---------+-------+---------+---------+-------
      Total |     139 |       0 |   0.0 |      46 |       0 |   0.0
            +---------+---------+-------+---------+---------+-------
        D:1 |      49 |       0 |   0.0 |      27 |       0 |   0.0
        D:2 |      90 |       0 |   0.0 |      19 |       0 |   0.0
            +---------+---------+-------+---------+---------+-------
